 Dungeon Crawl Stone Soup version 0.20.1-1-g8b1a95d (webtiles) character file.

668 lemmily0 the Cudgeler (level 7, -11/61 HPs)
             Began as a Minotaur Berserker on Nov 2, 2017.
             Was a Believer of Trog.
             Mangled by Pulso's ghost (17 damage)
             ... on level 4 of the Dungeon on Nov 10, 2017.
             The game lasted 00:22:24 (3011 turns).

lemmily0 the Cudgeler (Minotaur Berserker)          Turns: 3011, Time: 00:22:26

Health: -11/61     AC:  6    Str: 22    XL:     7   Next: 32%
Magic:  6/6        EV: 13    Int:  4    God:    Trog [**....]
Gold:   157        SH:  0    Dex: 11    Spells: 6/6 levels left

rFire    . . .     SeeInvis .   u - +4 quarterstaff (chaos)
rCold    . . .     Gourm    .   (shield currently unavailable)
rNeg     . . .     Faith    .   z - +1 animal skin
rPois    .         Spirit   .   (helmet restricted)
rElec    .         Reflect  .   v - +0 cloak
rCorr    .         Harm     .   y - +0 pair of gloves
MR       .....                  n - +0 pair of boots (curse)
Stlth    +.........             (no amulet)
Regen    0.2/turn               (no ring)
MPRegen  0.1/turn               (no ring)

@: no status effects
A: retaliatory headbutt, horns 2
a: Berserk, Trog's Hand, Burn Spellbooks, Renounce Religion


You were on level 4 of the Dungeon.
You worshipped Trog.
Trog was pleased with you.
You were not hungry.

You visited 1 branch of the dungeon, and saw 4 of its levels.

You collected 157 gold pieces.

Inventory:

Hand Weapons
 a - a +0 mace
 l - a +1 scythe of holy wrath
 u - a +4 quarterstaff of chaos (weapon)
 w - a +1 mace of holy wrath
 x - a +0 flail of venom
Armour
 b - a +0 animal skin
 h - a +0 chain mail
 n - a cursed +0 pair of boots (worn)
 q - a +0 cloak
 s - a +0 ring mail
 v - a +0 cloak (worn)
 y - a +0 pair of gloves (worn)
 z - a +1 animal skin (worn)
Jewellery
 t - an uncursed ring of positive energy {unknown}
Wands
 r - a wand of polymorph (10/24)
Scrolls
 f - a scroll of recharging {unknown}
 g - 2 scrolls of remove curse {unknown}
 i - a scroll of random uselessness {unknown}
 m - 2 scrolls of identify {unknown}
 A - a scroll of enchant armour {unknown}
Potions
 e - 2 potions of degeneration {unknown}
 j - a potion of curing {unknown}
 k - 2 potions of flight {unknown}
Comestibles
 c - 2 bread rations
 o - 2 fruits
 p - 2 meat rations
 B - a royal jelly


   Skills:
 - Level 5.0 Fighting
 - Level 7.5(8.1) Maces & Flails
 + Level 4.4(6.6) Staves
 - Level 3.4 Armour
 - Level 3.2 Dodging


You had 6 spell levels left.
You didn't know any spells.

Dungeon Overview and Level Annotations

Branches:
Dungeon (4/15)
 Temple: D:4-7

Altars:
Gozag
Trog

Annotations:
D:4 Pulso's ghost, amateur DrSk


Innate Abilities, Weirdness & Mutations

You reflexively headbutt those who attack you in melee.
You have a pair of horns on your head.


Message History

Pulso's ghost is severely damaged.
Pulso's ghost barely misses you.
You barely miss Pulso's ghost.
You headbutt Pulso's ghost, but do no damage.
Pulso's ghost is severely damaged.
Pulso's ghost hits you!
You sock Pulso's ghost! You freeze Pulso's ghost.
Your headbutt misses Pulso's ghost.
Pulso's ghost is almost destroyed.
Pulso's ghost hits you but does no damage.
You closely miss Pulso's ghost.
Pulso's ghost is almost destroyed.
Pulso's ghost hits you!
You are electrocuted!
* * * LOW HITPOINT WARNING * * *
You barely miss Pulso's ghost.
Pulso's ghost is almost destroyed.
Pulso's ghost hits you.
* * * LOW HITPOINT WARNING * * *
You are electrocuted!
You die...

.....##...#..)...#.....#
.....##..##..##..##....#
.........#..####..#....#
.##......#..####..#....#
.<.....#.##..##..##....#
#####..#..#......#.)...#
......##....##....(#
.#......#....#..#####
###...........@W.#
#...........##.#
............##.#
.........##.#
.####...[##.# ..^...##W#
.###.####.# #.####.##
#.W.....##


You could see Pulso's ghost.

Vanquished Creatures
  Sigmund (D:2)
  The ghost of geeseburger the Skirmisher, an amateur GrFi (D:3)
  An ogre (D:4)
  A hound (D:4)
  Crazy Yiuf (D:2)
  3 worker ants (D:4)
  Terence (D:2)
  Robin (D:3)
  A gnoll (D:1)
  5 adders
  A worm (D:3)
  2 dart slugs
  3 leopard geckos
  2 orcs
  3 giant cockroaches
  20 goblins
  8 hobgoblins
  4 jackals (D:1)
  4 kobolds
  4 quokkas
  A ball python (D:3)
  6 bats
  5 frilled lizards
  7 rats
86 creatures vanquished.

Vanquished Creatures (others)
  A gargoyle (D:1)
  A troll (D:1)
  2 formicids (D:1)
  2 vampires (D:1)
  A spriggan (D:1)
  A human (D:1)
  A dwarf (D:1)
  A centaur (D:1)
  An ogre (D:1)
  A kobold (D:1)
  4 tentacles (D:1)
16 creatures vanquished.

Grand Total: 102 creatures vanquished

Notes
Turn   | Place    | Note
-------+----------+-------------------------------------------
     0 | D:1      | lemmily0 the Minotaur Berserker began the quest for the Orb.
     0 | D:1      | Reached XP level 1. HP: 19/19 MP: 0/0
     0 | D:1      | Noticed a formicid
     0 | D:1      | Noticed a centaur
     0 | D:1      | Noticed a dwarf
     0 | D:1      | Noticed a gargoyle
     0 | D:1      | Noticed a human
     0 | D:1      | Noticed a vampire
     0 | D:1      | Noticed a formicid
     0 | D:1      | Noticed a kraken
     0 | D:1      | Noticed a troll
     0 | D:1      | Noticed a vampire
     0 | D:1      | Noticed an ogre
     0 | D:1      | Noticed a spriggan
     2 | D:1      | Killed a spriggan
     4 | D:1      | Killed a vampire
     5 | D:1      | Killed an ogre
     6 | D:1      | Killed a troll
     7 | D:1      | Killed a gargoyle
     7 | D:1      | Killed a vampire
     9 | D:1      | Killed a dwarf
    10 | D:1      | Killed a formicid
    10 | D:1      | Killed a centaur
    11 | D:1      | Killed a human
    11 | D:1      | Killed a formicid
   277 | D:1      | Reached skill level 4 in Maces & Flails
   278 | D:1      | Reached XP level 2. HP: 27/27 MP: 1/1
   648 | D:1      | Reached XP level 3. HP: 33/33 MP: 2/2
   844 | D:2      | Noticed Sigmund
   865 | D:2      | Killed Sigmund
   865 | D:2      | Reached skill level 5 in Fighting
   865 | D:2      | Reached skill level 5 in Maces & Flails
   865 | D:2      | Reached XP level 4. HP: 38/42 MP: 3/3
   865 | D:2      | Reached XP level 5. HP: 44/48 MP: 4/4
   930 | D:2      | Reached ** piety under Trog
  1215 | D:2      | Found a runed door.
  1365 | D:2      | Noticed Terence
  1388 | D:2      | Killed Terence
  1388 | D:2      | Reached skill level 6 in Maces & Flails
  1708 | D:2      | Noticed Crazy Yiuf
  1712 | D:2      | Killed Crazy Yiuf
  1712 | D:2      | Reached XP level 6. HP: 56/56 MP: 5/5
  1799 | D:3      | Noticed geeseburger's ghost (amateur GrFi)
  1813 | D:3      | Killed geeseburger's ghost
  1813 | D:3      | Reached skill level 7 in Maces & Flails
  2251 | D:3      | Noticed Robin
  2262 | D:3      | Reached skill level 1 in Staves
  2268 | D:3      | Killed Robin
  2392 | D:3      | Found a bloodstained altar of Trog.
  2392 | D:3      | Found an opulent altar of Gozag.
  2538 | D:4      | Reached XP level 7. HP: 60/61 MP: 6/6
  2984 | D:4      | Noticed Pulso's ghost (amateur DrSk)
  3011 | D:4      | Mangled by Pulso's ghost

Skill      XL: |  1  2  3  4  5  6  7 |
---------------+----------------------+-----
Maces & Flails | 4 5 6 7 |  7.5
Fighting       | 4 5 |  5.0
Armour         | 3 |  3.4
Dodging        | 3 |  3.2
Staves         | 3 4 |  4.4

Action                   |  1- 3 |  4- 6 |  7- 9 || total
-------------------------+-------+-------+-------++-------
Melee: Mace              |    53 |    50 |       ||   103
       Headbutt          |    10 |    11 |     6 ||    27
       Unarmed           |       |    18 |       ||    18
       Quarterstaff      |       |    72 |    33 ||   105
Invok: Berserk           |       |       |     1 ||     1
  Use: Potion            |     1 |       |     2 ||     3
 Stab: Sleeping          |       |     1 |       ||     1
  Eat: Bread ration      |       |     2 |       ||     2
Armor: Animal skin       |    18 |     3 |     6 ||    27
       Chain mail        |     9 |    14 |       ||    23
       Ring mail         |       |    26 |       ||    26
Dodge: Dodged            |    39 |    72 |    15 ||   126
